 Dungeon Crawl Stone Soup version 0.31-a0-164-g2312942fda (webtiles) character file.

Game seed: 16735096912256049363

2676 rabbitsville the Cleaver (level 9, -1/85 HPs)
             Began as a Hill Orc Fighter on June 13, 2023.
             Was a Follower of Beogh.
             Slain by a yak (3 damage)
             ... on level 8 of the Dungeon.
             The game lasted 00:26:57 (5800 turns).

rabbitsville the Cleaver (Hill Orc Fighter)         Turns: 5800, Time: 00:26:57

Health: -1/85      AC: 10    Str: 23    XL:     9   Next: 64%
Magic:  14/14      EV: 10    Int:  8    God:    Beogh [*.....]
Gold:   67         SH:  5    Dex: 10    Spells: 8/8 levels left

rFire   . . .        d - +0 broad axe (heavy)
rCold   . . .        c - +0 buckler
rNeg    + . .        K - +1 acid dragon scales
rPois   .            H - +0 hat
rElec   .            q - scarf {harm}
rCorr   +            x - +0 pair of gloves
SInv    .            k - +0 pair of boots
Will    .....        (no amulet)
Stlth   +            I - ring of positive energy
HPRegen 0.34/turn    (no ring)
MPRegen 0.14/turn

%: harm (+30% outgoing, +20% incoming)
@: no status effects
A: no striking features
a: Renounce Religion


You were on level 8 of the Dungeon.
You worshipped Beogh.
Beogh was aware of your devotion.
You visited 2 branches of the dungeon, and saw 9 of its levels.

You collected 324 gold pieces.
You spent 257 gold pieces at shops.

Inventory:

Hand Weapons
 d - a +0 heavy broad axe (weapon)
 z - a +2 war axe of flaming
Missiles
 y - 4 poisoned darts (quivered)
Armour
 c - a +0 buckler (worn)
 k - a +0 pair of boots (worn)
 q - a scarf of harm (worn)
 x - a +0 pair of gloves (worn)
 H - a +0 hat (worn)
 K - +1 acid dragon scales (worn)
Jewellery
 m - an amulet of guardian spirit
 I - a ring of positive energy (left hand)
Wands
 w - a wand of polymorph (12)
 D - a wand of light (2)
 F - a wand of charming (8)
 G - a wand of roots (9)
Scrolls
 a - a scroll of torment {unknown}
 e - a scroll of brand weapon {unknown}
 f - a scroll of vulnerability {unknown}
 g - 3 scrolls of poison {unknown}
 h - 5 scrolls of teleportation
 i - 4 scrolls of immolation {unknown}
 l - 3 scrolls of fear {unknown}
 o - 2 scrolls of amnesia {unknown}
 r - 2 scrolls of butterflies {unknown}
 t - 2 scrolls of noise {unknown}
 B - a scroll of enchant weapon {unknown}
 C - 5 scrolls of identify
 E - a scroll of blinking {unknown}
Potions
 j - 2 potions of heal wounds {unknown}
 n - a potion of mutation {unknown}
 p - 3 potions of curing {unknown}
 u - a potion of degeneration {unknown}
 A - a potion of lignification {unknown}
 J - a potion of haste {unknown}


   Skills:
 + Level 9.7 Fighting
 + Level 10.0 Axes
 - Level 3.2 Armour
 - Level 5.6 Shields
 + Level 7.8 Invocations


You had 8 spell levels left.
You didn't know any spells.
Your spell library contained the following spells:

 Spells                   Type           Power      Damage    Failure   Level
 Leda's Liquefaction      Hex/Erth       0%         N/A       99%         4
 Lee's Rapid Deconstruct  Erth           0%         3d4*      100%        5
 Leda's Unmaking          Conj/Erth      0%         9d1       100%        6
 Statue Form              Tmut/Erth      0%         N/A       100%        6


Dungeon Overview and Level Annotations

Branches:
Dungeon (8/15)             Temple (1/1) D:7
   Lair: D:8-11

Altars:
Cheibriados
Dithmenos
Fedhas
Gozag
Hepliaklqana
Kikubaaqudgha
Nemelex Xobeh
Okawaru
Qazlal
Ru
Trog
Uskayaw
Vehumet
Wu Jian
Xom
The Shining One

Shops:
D:6 (!?   D:7 *

Annotations:
D:5 3 runed translucent doors, Leavold's ghost, amateur TeAE; Prince Ribbit


Message History

The yak gores you but does no damage. The orc barely misses you. x2
Your Axes skill increases to level 10!
You hit the yak.
The yak is moderately wounded.
You slash the orc!
You kill the orc!
Beogh accepts your kill.
You slash the orc!
You kill the orc!
Beogh accepts your kill. The yak gores you but does no damage.
You slash the yak!
The yak is severely wounded.
The yak gores you but does no damage. The yak closely misses you.
You hit the yak.
The yak is almost dead.
The yak gores you but does no damage.
You barely miss the yak.
The yak is almost dead.
The yak gores you!
* * * LOW HITPOINT WARNING * * *
You block the yak's attack.
You barely miss the yak.
The yak is almost dead.
The yak gores you.
* * * LOW HITPOINT WARNING * * *
The yak gores you!
* * * LOW HITPOINT WARNING * * *
You barely miss the yak.
The yak is almost dead.
The yak closely misses you.
You hit the yak.
The yak is almost dead.
The yak gores you!
* * * LOW HITPOINT WARNING * * *
You block the yak's attack.
You barely miss the yak.
The yak is almost dead.
The yak gores you.
You die...

##### #...#
#...# #...#
#.<.# #.).#
#.Y@# #.)##
#..#
#...........
#...........
#...........
#...........
##########Y.


Y You could see a yak.

Vanquished Creatures
  Maggie (D:7)
  A hornet (D:7)
  3 yaks (D:8)
  A steam dragon (D:6)
  An acid dragon (D:5)
  3 ogres
  A centaur (D:7)
  A bullfrog (D:6)
  A scorpion (D:4)
  8 wights (D:7)
  3 hounds
  2 jellies
  4 orc priests
  An iguana (D:5)
  6 orc wizards
  7 gnolls
  6 adders
  A shadow imp (D:5)
  A worm (D:2)
  A dart slug (D:1)
  14 orcs
  5 ball pythons
  5 bats
  5 endoplasms
  7 giant cockroaches
  8 goblins
  4 hobgoblins
  3 quokkas
  4 frilled lizards
  6 kobolds
  6 rats
120 creatures vanquished.

Vanquished Creatures (others)
  An orc priest (D:4)
  An orc wizard (D:4)
  2 orcs
  A giant cockroach (D:4)
  A goblin (D:4)
6 creatures vanquished.

Grand Total: 126 creatures vanquished

Notes
Turn   | Place    | Note
-------+----------+-------------------------------------------
     0 | D:1      | rabbitsville the Hill Orc Fighter began the quest for the
                  | Orb.
     0 | D:1      | Reached XP level 1. HP: 19/19 MP: 1/1
   110 | D:1      | Reached skill level 3 in Axes
   110 | D:1      | Reached XP level 2. HP: 23/27 MP: 2/2
   141 | D:1      | Found a faded altar of an unknown god.
   760 | D:1      | Reached XP level 3. HP: 33/33 MP: 3/3
  1191 | D:2      | Reached XP level 4. HP: 41/41 MP: 4/4
  1209 | D:2      | Reached skill level 4 in Axes
  1393 | D:2      | Reached XP level 5. HP: 36/47 MP: 5/5
  1486 | D:2      | Reached skill level 5 in Fighting
  1728 | D:3      | Noticed a +0 hand axe
  1729 | D:3      | Noticed a +0 dagger
  1732 | D:3      | Found a hide-covered altar of Uskayaw.
  2096 | D:3      | Found a glowing golden altar of the Shining One.
  2242 | D:4      | Became a worshipper of Beogh the Brigand
  2410 | D:4      | Noticed an ogre
  2412 | D:4      | Killed an ogre
  2413 | D:4      | Reached skill level 5 in Axes
  2413 | D:4      | Reached skill level 5 in Shields
  2413 | D:4      | Reached XP level 6. HP: 56/56 MP: 6/6
  2818 | D:4      | Found a shadowy altar of Dithmenos.
  2947 | D:4      | Reached XP level 7. HP: 63/63 MP: 7/7
  3014 | D:4      | Reached skill level 6 in Axes
  3105 | D:5      | Entered Level 5 of the Dungeon
  3242 | D:5      | Reached skill level 1 in Invocations
  3351 | D:5      | Found a runed translucent gate.
  3352 | D:5      | Found a runed translucent gate.
  3353 | D:5      | Found a runed translucent gate.
  3353 | D:5      | Noticed Leavold's ghost (amateur TeAE)
  3366 | D:5      | Found a faded altar of an unknown god.
  3739 | D:5      | Found an ornate altar of the Wu Jian Council.
  3987 | D:5      | Noticed Prince Ribbit
  4009 | D:6      | Found Pimoon's Antique Weapon Shop.
  4017 | D:6      | Bought a glowing war axe for 182 gold pieces
  4050 | D:6      | Found a hazy altar of Hepliaklqana.
  4182 | D:6      | Found an iron altar of Okawaru.
  4277 | D:6      | Identified the staff of death "Egiatem" {rElec rPois rN+
                  | Int+3}
  4351 | D:6      | Found Irgheodghe's Magic Scroll Shoppe.
  4360 | D:6      | Bought a scroll of identify for 30 gold pieces
  4360 | D:6      | Bought a scroll of teleportation for 45 gold pieces
  4412 | D:6      | Found Zellogok's Distillery.
  4515 | D:6      | Noticed a steam dragon
  4529 | D:6      | Killed a steam dragon
  4530 | D:6      | Reached skill level 7 in Axes
  4530 | D:6      | Reached XP level 8. HP: 47/73 MP: 10/10
  4878 | D:6      | Noticed an air elemental
  4881 | D:6      | Found a stormy altar of Qazlal.
  4883 | D:6      | Noticed a water elemental
  4983 | D:7      | Found a staircase to the Ecumenical Temple.
  5059 | D:7      | Reached * piety under Beogh
  5120 | D:7      | Found Umeerch's Assorted Antiques.
  5138 | D:7      | Noticed a hornet
  5146 | D:7      | Paralysed by a hornet for 3 turns
  5149 | D:7      | Killed a hornet
  5150 | D:7      | Reached skill level 8 in Axes
  5150 | D:7      | Reached skill level 5 in Invocations
  5201 | Temple   | Entered the Ecumenical Temple
  5436 | D:7      | Noticed Maggie
  5442 | D:7      | Reached XP level 9. HP: 55/82 MP: 13/13
  5444 | D:7      | Killed Maggie
  5445 | D:7      | Reached skill level 9 in Axes
  5635 | D:7      | Found a shimmering altar of Xom.
  5793 | D:8      | Reached skill level 10 in Axes
  5799 | D:8      | HP: 1/85 [yak (8)]
  5800 | D:8      | Slain by a yak

Illustrated notes

Levels and vault maps discovered:
D:1:      dpeg_arrival_rhombi, layout_loops_corners,
          chequers_ecumenical_altar_simple, minmay_tetromino_i4
D:2:      layout_rooms, chequers_mini_garden
D:3:      layout_basic, marbit_many_paths, dancing_weapons_uskayaw,
          serial_rivers, chequers_serial_rivers_large_b,
          chequers_serial_rivers_small_b, chequers_serial_rivers_large_a,
          chequers_serial_rivers_micro_a, hex_large,
          amcnicky_mini_rare_corridor_liquid
D:4:      layout_basic, nicolae_dithmenos_the_darkroom
D:5:      layout_cave_pods, lemuel_coloured_pillars_altar,
          gammafunk_ghost_nasty_kobolds, serial_column_ruins,
          column_ruins_temple_hall, column_ruins_hut, column_ruins_corridor_T,
          column_ruins_grid_1, column_ruins_corridor_T,
          chequers_serial_rivers_small_b, serial_park_tiny_1,
          uniq_prince_ribbit1
D:6:      layout_gridville, old_standard_altar,
          nicolae_qazlal_style_of_elements,
          mainiacjoe_overflow_concentric_impassable, serial_shops,
          nicolae_shop_gibbet_a_chance, nicolae_shop_statue_plus,
          nicolae_shop_getting_attention
D:7:      layout_rooms, mainiacjoe_overflow_surrounded_room,
          minmay_temple_entry_arrows, serial_shops, nicolae_shop_stone,
          abandoned_shop, uniq_maggie
D:8:      layout_gridville, nicolae_elyvilon_temple_path,
          yredelemnul_forgotten_temple_becter, led_sif_book, serial_rivers,
          chequers_serial_rivers_micro_e, chequers_serial_rivers_small_b,
          chequers_serial_rivers_small_a, chequers_serial_rivers_room_a,
          chequers_serial_rivers_micro_a
Temple:   hellmonk_temple_beads

Skill      XL: |  1  2  3  4  5  6  7  8  9 |
---------------+----------------------------+-----
Axes           | 3 4 5 7 8 10 | 10.0
Fighting       | 4 5 6 7 8 9 |  9.7
Shields        | 4 5 |  5.6
Invocations    | 3 6 7 |  7.8
Armour         | |  3.2

Action                     |  1- 3 |  4- 6 |  7- 9 || total
---------------------------+-------+-------+-------++-------
  Melee: War axe           |   111 |   120 |    93 ||   324
         Broad axe         |       |       |    34 ||    34
  Throw: Dart              |       |       |     5 ||     5
 Invoke: Convert to Beogh  |       |     1 |       ||     1
    Use: Potion            |       |       |     2 ||     2
 Armour: Scale mail        |    54 |    42 |     9 ||   105
         Acid dragon scale |       |       |    28 ||    28
  Dodge: Dodged            |    61 |    41 |    59 ||   161
  Block: Buckler           |    25 |    31 |    27 ||    83

Table legend: (Time is in decaauts)
 A = Elapsed time spent in this place.
 B = Non-inter-level travel time spent in this place.
 C = Inter-level travel time spent in this place.
 D = Time resting spent in this place.
 E = Time spent auto-exploring this place.
 F = Levels seen in this place.
 G = Mean time per level.
                   A        B        C        D        E       F      G
               +--------+--------+--------+--------+--------+-----+--------+
         Total |   5960 |   5828 |    132 |    155 |   2706 |   9 |  662.2 |
       Dungeon |   5847 |   5715 |    132 |    155 |   2706 |   8 |  730.9 |
        Temple |    113 |    113 |      0 |      0 |      0 |   1 |  113.0 |
               +--------+--------+--------+--------+--------+-----+--------+

Top non-repeatable levels by time:
     D:1: 1001 daAuts
     D:5: 996 daAuts
     D:6: 885 daAuts
     D:4: 878 daAuts
     D:3: 728 daAuts
     D:7: 686 daAuts
     D:2: 614 daAuts
  Temple: 113 daAuts
     D:8: 55 daAuts
